cohdb
Replays
Latest Replays
All Replays
Popular Replays
Top Player Replays
Match Explorer
How It Works
Community
CoH3 Stats
Reddit
Sign in to upload your games and track your stats! →
Sign in with Steam
Match 43739122
Unlisted
Match 43739122
Overview
Messages
Build Orders
End
Royal Engineer Section
Construct Section Command Post
Selects Heavy Armor Battlegroup
Dingo Light Scout Car
Infantry Section
Infantry Section
Construct Platoon Command Post
Infantry Section
Selects Rigorous Vehicle Training
Selects Light Vehicle Withdraw and Refit
Humber Armored Car
Selects UNKNOWN (202330)
Humber Armored Car
Grenade Package
6-pounder Anti-tank Gun Team
Vickers Machine Gun Team
Light Vehicle Withdraw and Refit
Construct Company Command Post
Crusader AA Medium Tank
Selects Recon Artillery
Armored Vehicle Training
Selects Forward Repair Assembly
Selects UNKNOWN (2162094)
Churchill IV Heavy Tank
Infantry Training
Team Weapon Training
Unlock Towed 17-pounder Anti-tank Guns
17-pounder Anti-tank Gun Team
Recon Artillery
Churchill IV Heavy Tank
Barry Chuckle
엽하
MrGlaucus
Discoverer
0
0
Comments
sign in to comment!
No comments posted yet!